 Dungeon Crawl Stone Soup version 0.16-b1 (webtiles) character file.

91 kae the Sneak (level 4, -1/21 HPs)
             Began as a Spriggan Enchanter on Mar 7, 2015.
             Slain by a gnoll
             ... wielding a +0 flail
              (14 damage)
             ... on level 2 of the Dungeon.
             The game lasted 00:03:01 (2164 turns).

kae the Sneak (Spriggan Enchanter)                  Turns: 2164, Time: 00:03:01

Health: -1/21      AC:  3    Str:  5    XL:     4   Next: 34%
Magic:  6/13       EV: 18    Int: 16    God:
Gold:   102        SH:  0    Dex: 16    Spells: 2 memorised, 6 levels left

rFire  . . .     SeeInvis +     a - +1 dagger
rCold  . . .     Clarity  .     b - +1 robe
rNeg   . . .     SustAb   .     (shield restricted)
rPois  .         Gourm    .     (helmet restricted)
rElec  .         Spirit   .     (no cloak)
rCorr  .         Warding  .     (gloves unavailable)
rMut   .         Stasis   .     (boots unavailable)
MR     .....                    (no amulet)
Stlth  ++++......               (no ring)
                                (no ring)

@: very slightly contaminated, very quick, not resistant to hostile
enchantments, stealthy
A: unfitting armour, see invisible, herbivore 3, speed 3, slow metabolism 2
a: no special abilities


You were on level 2 of the Dungeon.
You were very hungry.

You visited 1 branch of the dungeon, and saw 3 of its levels.

You collected 102 gold pieces.

Inventory:

Hand weapons
 a - a +1 dagger (weapon)
Armour
 b - a +1 robe (worn)
Scrolls
 e - a scroll of identify {unknown}
 f - 2 scrolls of enchant weapon {unknown}
 g - a scroll of teleportation {unknown}
Potions
 h - a potion of resistance {unknown}
 i - a potion of invisibility {unknown}
Books
 c - a book of Maledictions

   Spells                             Type                      Level
   a - Corona                         Hexes                        1
   b - Sure Blade                     Hexes/Charms                 2
   c - Ensorcelled Hibernation        Hexes/Ice                    2
   d - Confuse                        Hexes                        3
   e - Dazzling Spray                 Conjuration/Hexes            3
   f - Enslavement                    Hexes                        4
Comestibles
 d - 3 bread rations


   Skills:
 * Level 2.9 Short Blades
 - Level 3.0 Dodging
 * Level 5.9 Stealth
 + Level 3.2 Spellcasting
 + Level 4.1 Hexes


You had 6 spell levels left.
You knew the following spells:

 Your Spells              Type           Power        Failure   Level  Hunger
a - Corona                Hex            ###....      4%          1    None
b - Ensorcelled Hibernat  Hex/Ice        #.....       14%         2    ##.....


Dungeon Overview and Level Annotations

Branches:
Dungeon (3/15)

Altars:


Innate Abilities, Weirdness & Mutations

You are tiny and cannot use many weapons and most armour.
You have supernaturally acute eyesight.
You are a herbivore.
You cover ground extremely quickly.
You need consume almost no food.


Message History

You miscast Ensorcelled Hibernation.
You are very lightly contaminated with residual magic.
You hear an indistinct dissonance whispering inside your mind.
The gnoll hits you with a flail.
Casting: Ensorcelled Hibernation
Confirm with . or Enter, or press ? or * to list all spells.
Aiming: Ensorcelled Hibernation
Press: ? - help, Shift-Dir - straight line, f/p - gnoll
Aim: a gnoll, wielding a flail (chance 50%)
The gnoll resists with some effort.
The gnoll barely misses you. The gnoll misses you.
Casting: Ensorcelled Hibernation
Confirm with . or Enter, or press ? or * to list all spells.
Aiming: Ensorcelled Hibernation
Press: ? - help, Shift-Dir - straight line, f/p - gnoll
Aim: a gnoll, wielding a flail (chance 50%)
You miscast Ensorcelled Hibernation.
You feel uncomfortably cold. The gnoll misses you.
The gnoll hits you with a flail!
Ouch! That really hurt!
You die...

############### ####
..............# ######.....
..............#####...........
...............................
...............................
...............................
###.............................
...............g................
.##............#@...............
.##............#.g............#
.##..)......................$.#
.##.(.........#...............#
.##.......(...#..........##...
.#####.......##..........# ..
.............#######.......
..........#...............
..........+..............


You could see 2 gnolls.

Vanquished Creatures
  Ijyb (D:3)
  3 adders
  A gnoll (D:2)
  A giant mite (D:1)
  A worm (D:2)
  6 bats
  3 goblins
  4 hobgoblins
  4 kobolds
  A ball python (D:2)
  4 giant newts
  A quokka (D:2)
  5 rats
35 creatures vanquished.

Notes
Turn   | Place    | Note
--------------------------------------------------------------
     0 | D:1      | kae, the Spriggan Enchanter, began the quest for the Orb.
     0 | D:1      | Reached XP level 1. HP: 9/9 MP: 4/4
   252 | D:1      | Reached XP level 2. HP: 4/13 MP: 7/7
   414 | D:1      | Learned a level 2 spell: Ensorcelled Hibernation
   610 | D:1      | Reached skill level 5 in Stealth
  1400 | D:1      | Reached XP level 3. HP: 14/16 MP: 0/9
  1452 | D:2      | Noticed Ijyb
  1581 | D:3      | Killed Ijyb
  1659 | D:2      | Reached XP level 4. HP: 5/21 MP: 4/13
  2164 | D:2      | Slain by a gnoll

Action                   |  1- 3 |  4- 6 || total
-------------------------+-------+-------++-------
Melee: Dagger            |    91 |    21 ||   112
 Cast: Corona            |     1 |       ||     1
       Ensorcelled Hiber |    18 |    13 ||    31
  Use: Potion            |     1 |       ||     1
 Stab: Sleeping          |    11 |     6 ||    17
